Arrhythmia, chaotic female vampiric Convict ---- --- --..--- |.-- ---.....---- |..-- -----........|.-- --%..| |...............-- --....| |................| |.....-- | |...............-- ---......-- |.-- --- |......<........-- ----|...|.....| |... --.-- --............)..-- |.%%..-----...| -..- ---...| ---...........)..%.| |..|%.......--- # ....---....-- |..*....^...---%...-----.---..%---.-------.------..-.-G......-- |...%..)......^............|....||+.................|.........--.-- - -- ---...|....------....------......---.....-------.----|-...a@.......| .....| --....---.--- |..--(- |.....|# --.-...| |...| |....a..............-- |*....| --- ---- -. --....- --.|..| --.--- ---....................-- --..--- -- --....| |..| |...----.......................| ---- |...-- ---- |..............................| --.-- --------->--.---------------.--- --- ------ -- Arrhythmia the Jail-bird Experience level: 8 Strength: 18 Dexterity: 12 Constitution: 15 Intelligence: 13 Wisdom: 11 Charisma: 6 Health: 0(69) Energy: 41(41) AC: 7 Gold: 675 Moves: 3174 Your Inventory: Coins $ - 675 gold pieces Weapons C - an [uncursed +0] runed dagger [elven] (weapon in hand) Armor b - an uncursed +0 striped shirt (being worn) q - an [uncursed] +0 etched helmet [helmet] (being worn) r - an [uncursed] +2 hooded cloak [dwarvish] t - a cursed +0 hooded cloak [dwarvish] (being worn) w - an [uncursed +0] hooded cloak [dwarvish] E - a cursed +0 pair of hard shoes [iron] (being worn) L - a cursed -1 leather jacket (being worn) Scrolls n - 2 [uncursed] scrolls labeled PRIRUTSENIE [of identify] z - an [uncursed] scroll labeled ASHPD [of charging] Potions i - a blessed potion of healing j - an uncursed ruby potion [of booze] o - a [blessed] smoky potion [of object detection] p - an [uncursed] yellow potion [of extra healing] Rings g - an uncursed bronze ring [of protection from shape changers] N - a [blessed +2] chrysoberyl ring [of increase damage] Wands D - an [uncursed] wand of striking [0:6] Tools l - an uncursed looking glass [mirror] J - an [uncursed tallow] candle M - an [uncursed] towel Gems m - an uncursed black gem [worthless glass] F - an [uncursed] gray stone [flint] H - 2 [uncursed] yellow gems [worthless glass] I - an [uncursed] red gem [jasper] K - an [uncursed] red gem [garnet] Iron balls c - an uncursed heavy iron ball Spells known in the end: Name Level Category Fail Memory Your skills at the end: Fighting Skills Weapon Skills sling [Basic / Skilled] Spellcasting Skills Final Attributes: You were piously aligned. Hunger level was 479. Your alignment was 25 / 25. Monster difficulty range was 1 - 8. Level difficulty was 8. You were immune to poison. You were immune to level-drain. You were immune to sickness. You could fly. You could survive without air. You regenerated. Your luck was zero. You are dead. Vanquished creatures: a dingo a snake a human zombie a yellow light 6 gnome lords a gnomish wizard 6 giant ants a kitten 7 dwarves 4 hill orcs a rothe a rabid rat a giant bat 4 iguanas an acid blob 4 hobbits a hobgoblin a cave spider a brown mold a green mold a red mold 30 gnomes 3 garter snakes 2 geckos 7 goblins 2 sewer rats 2 lichens 5 newts 97 creatures vanquished. Voluntary challenges: You used a wielded weapon 84 times. You read items or engraved 148 times. You put on armor 14 times. You never genocided any monsters. You never polymorphed an object. You never changed form. You used no wishes. You wrote Elbereth's name 74 times. You never encountered a bones level. You never used any Sokoban shortcuts. Dungeon overview: The Dungeons of Doom: levels 1 to 4 Level 1 a long staircase Level 2 some sinks Level 4 an altar, a fountain stairs to The Gnomish Mines The Gnomish Mines: levels 5 to 8 Level 5 stairs to The Dungeons of Doom Level 8 <- You were here History has recorded: On T:1 you entered the Dungeons of Doom to retrieve the Amulet of Yendor! On T:292 you reached level 2 of The Dungeons of Doom. On T:358 you advanced to experience level 2. On T:429 you advanced to experience level 3. On T:476 you reached level 3 of The Dungeons of Doom. On T:784 you advanced to experience level 4. On T:1117 you reached level 4 of The Dungeons of Doom. On T:1244 you advanced to experience level 5. On T:1433 you reached level 1 of The Gnomish Mines. On T:1527 you advanced to experience level 6. On T:2043 you reached level 2 of The Gnomish Mines. On T:2068 you advanced to experience level 7. On T:2568 you reached level 3 of The Gnomish Mines. On T:2891 you reached level 4 of The Gnomish Mines. On T:2918 you advanced to experience level 8. Latest messages: [HP+1=67] [HP+1=68] Hit points restored. [HP+1=69] You see here a gray spellbook. You miss the soldier ant. You bite the soldier ant. The soldier ant bites! The soldier ant stings! The soldier ant bites! The soldier ant stings! The soldier ant bites! The soldier ant stings! [HP-35=34] You miss the soldier ant. You bite the soldier ant. The soldier ant bites! The soldier ant stings! The soldier ant bites! The soldier ant stings! [HP-27=7] You miss the soldier ant. (2x) The soldier ant bites! The soldier ant stings! You die... Final status: Goodbye Arrhythmia the Convict... You died in The Gnomish Mines on dungeon level 8 with 3732 points, and 675 pieces of gold, after 3174 moves. You were level 8 with a maximum of 69 hit points when you died.